 Dungeon Sprint DCSS version 0.29-a0-775-g4d7333d4e2 (webtiles) character file.

Game seed: 5727405856515426156

219 mhtbhm the Covert (level 5, -1/25 HPs)
             Began as a Spriggan Enchanter on July 1, 2022.
             Slain by a chaos spawn (8 damage)
             ... summoned by a kobold demonologist
             ... in the Dungeon (Sprint IX: "|||||||||||||||||||||||||||||").
             The game lasted 00:01:06 (322 turns).

mhtbhm the Covert (Spriggan Enchanter)               Turns: 322, Time: 00:01:07

Health: -1/25      AC:  2    Str:  4    XL:     5   Next: 63%
Magic:  8/14       EV: 24    Int: 16    God:
Gold:   0          SH:  0    Dex: 21    Spells: 4/15 levels left

rFire   . . .      SeeInvis +   a - +2 rapier (drain)
rCold   . . .      Faith    .   (no shield)
rNeg    . . .      Spirit   .   b - +0 robe
rPois   .          Reflect  .   (helmet restricted)
rElec   .          Harm     .   (no cloak)
rCorr   .          Rampage  .   (gloves unavailable)
Will    .....      NoTele   +   (boots unavailable)
Stlth   +++++.....              (no amulet)
HPRegen 0.08/turn               k - +3 ring of dexterity
MPRegen 0.14/turn               l - +2 ring of evasion

@: confusing by touch, very quick
A: very small, no large weapons, unfitting armour, see invisible, speed 3
a: no special abilities


You were in the Dungeon.
You visited 1 branch

Inventory:

Hand Weapons
 a - a +2 rapier of draining (weapon)
Armour
 b - a +0 robe (worn)
Jewellery
 k - a +3 ring of dexterity (left hand)
 l - a +2 ring of evasion (right hand)
Wands
 j - a wand of iceblast (10)
Scrolls
 h - 2 scrolls of amnesia
 i - 2 scrolls of blinking
Potions
 c - 3 potions of invisibility
 d - 2 potions of heal wounds
 e - 4 potions of curing
 f - a potion of haste
 g - 4 potions of magic


   Skills:
 + Level 1.0 Fighting
 + Level 4.1 Short Blades
 + Level 6.2 Dodging
 + Level 10.2 Stealth
 + Level 5.9 Spellcasting
 + Level 8.9 Hexes
 + Level 0.7 Ice Magic


You had 4 spell levels left.
You knew the following spells:

 Your Spells              Type           Power      Damage    Failure   Level
a - Ensorcelled Hibernat  Hex/Ice        40%        N/A       3%          2
b - Confusing Touch       Hex            33%        N/A       1%          3
c - Tukima's Dance        Hex            33%        N/A       1%          3
d - Dazzling Flash        Conj/Hex       36%        N/A       7%          3

Your spell library contained the following spells:

 Spells                   Type           Power      Damage    Failure   Level


Dungeon Overview and Level Annotations

Branches:
Dungeon (1/1)

Altars:
Cheibriados
Dithmenos
Elyvilon
Fedhas
Gozag
Hepliaklqana
Kikubaaqudgha
Makhleb
Nemelex Xobeh
Okawaru
Qazlal
Ru
Sif Muna
Trog
Uskayaw
Vehumet
Wu Jian
Xom
Yredelemnul
Zin
The Shining One
Beogh
Jiyva
Lugonu


Innate Abilities, Weirdness & Mutations

You are very small and have problems with some larger weapons.
You are too small for most types of armour.
You have supernaturally acute eyesight. (SInv)
You cover ground extremely quickly. (Speed+++)


Message History

The kobold demonologist shouts!
Unknown command.
Casting: Ensorcelled Hibernation (safe; 3% risk of failure)
Confirm with . or Enter, or press ? or * to list all spells.
The spell is quite dangerous to miscast (7% risk of failure)!
Continue anyway?
Okay, then.
Unknown command.
Casting: Dazzling Flash (quite dangerous; 7% risk of failure)
Confirm with . or Enter, or press ? or * to list all spells.
The spell is quite dangerous to miscast (7% risk of failure)!
Continue anyway?
Uppercase [Y]es or [N]o only, please.
The spell is quite dangerous to miscast (7% risk of failure)!
Continue anyway?
Okay, then.
Casting: Dazzling Flash (quite dangerous; 7% risk of failure)
Confirm with . or Enter, or press ? or * to list all spells.
The spell is quite dangerous to miscast (7% risk of failure)!
Continue anyway?
Casting: Dazzling Flash (quite dangerous; 7% risk of failure)
Press: ? - help, Dir - look around, f - activate The unseen horror is dazzled.
The howler monkey howls!
The orc priest shouts!
The kobold demonologist completely misses you.
Unknown command.
Unknown command.
Unknown command.
Casting: Dazzling Flash (quite dangerous; 7% risk of failure)
Confirm with . or Enter, or press ? or * to list all spells.
Your hands begin to glow red.
The two-headed ogre shouts in stereo!
The kobold demonologist hits you with a +0 dagger.
You hit the kobold demonologist but do no damage.
The howler monkey hoots and howls with incredible vigour!
You hear a shout!
You hit the kobold demonologist but do no damage.
The kobold demonologist casts a spell.
You hit the kobold demonologist but do no damage.
The kobold demonologist misses you. The chaos spawn hits you!
Ouch! That really hurt!
* * * LOW HITPOINT WARNING * * *
The chaos spawn shocks you!
You die...

▓h▓
▓O▓
▓.▓
▓o▓
▓9▓
▓x▓
▓K▓
▓@▓
▓4▓
▓[▓
▓[▓
▓[▓
▓.▓
▓)▓
▓.▓
▓.▓


You could see a two-headed ogre, a kobold demonologist, an unseen horror
(invisible, blind), a chaos spawn (summoned), a gargoyle, a howler monkey and an
orc priest.

Vanquished Creatures
  An ogre (D)
  2 scorpions (D)
  An adder (D)
  An orc (D)
  A goblin (D)
  A hobgoblin (D)
  2 kobolds (D)
  A rat (D)
10 creatures vanquished.

Notes
Turn   | Place    | Note
-------+----------+-------------------------------------------
     0 | D        | mhtbhm the Spriggan Enchanter began the quest for the Orb.
     0 | D        | Reached XP level 1. HP: 9/9 MP: 5/5
   148 | D        | Noticed an ogre
   148 | D        | Noticed a scorpion
   148 | D        | Noticed a scorpion
   151 | D        | Reached skill level 5 in Stealth
   151 | D        | Reached XP level 2. HP: 13/13 MP: 7/7
   162 | D        | Learned a level 2 spell: Ensorcelled Hibernation
   165 | D        | Killed a scorpion
   166 | D        | Reached skill level 5 in Dodging
   166 | D        | Reached skill level 7 in Stealth
   166 | D        | Reached XP level 3. HP: 17/17 MP: 3/9
   166 | D        | Reached XP level 4. HP: 21/21 MP: 3/11
   171 | D        | Killed a scorpion
   172 | D        | Reached skill level 8 in Stealth
   172 | D        | Reached skill level 5 in Spellcasting
   176 | D        | Killed an ogre
   177 | D        | Reached skill level 1 in Fighting
   177 | D        | Reached skill level 10 in Stealth
   177 | D        | Reached XP level 5. HP: 25/25 MP: 2/14
   199 | D        | Learned a level 3 spell: Confusing Touch
   203 | D        | Learned a level 3 spell: Tukima's Dance
   207 | D        | Learned a level 3 spell: Dazzling Flash
   266 | D        | Found a snail-covered altar of Cheibriados.
   266 | D        | Found a shadowy altar of Dithmenos.
   266 | D        | Found a white marble altar of Elyvilon.
   266 | D        | Found a blossoming altar of Fedhas.
   266 | D        | Found an opulent altar of Gozag.
   267 | D        | Found a hazy altar of Hepliaklqana.
   268 | D        | Found a viscous altar of Jiyva.
   269 | D        | Found an ancient bone altar of Kikubaaqudgha.
   270 | D        | Found a corrupted altar of Lugonu.
   271 | D        | Found a burning altar of Makhleb.
   272 | D        | Found a sparkling altar of Nemelex Xobeh.
   273 | D        | Found an iron altar of Okawaru.
   274 | D        | Found a stormy altar of Qazlal.
   275 | D        | Found a sacrificial altar of Ru.
   276 | D        | Found a shimmering blue altar of Sif Muna.
   277 | D        | Found a bloodstained altar of Trog.
   278 | D        | Found a hide-covered altar of Uskayaw.
   279 | D        | Found a radiant altar of Vehumet.
   280 | D        | Found an ornate altar of the Wu Jian Council.
   281 | D        | Found a shimmering altar of Xom.
   282 | D        | Found a basalt altar of Yredelemnul.
   283 | D        | Found a glowing silver altar of Zin.
   284 | D        | Found a glowing golden altar of the Shining One.
   317 | D        | Noticed a two-headed ogre
   317 | D        | Noticed a gargoyle
   317 | D        | Noticed an unseen horror
   317 | D        | Noticed a kobold demonologist
   322 | D        | Noticed a chaos spawn
   322 | D        | Slain by a chaos spawn

Illustrated notes

Levels and vault maps discovered:
D:        linesprint [early_d, line_temple, items_1, d_10, items_2, lair_1,
          lair_end, items_3, orc_1, orc_end, items_4, d_15, swamp_1, shoals_1,
          snake_1, spider_1, d_20, vaults_1, items_5, swamp_end, shoals_end,
          snake_end, spider_end, vaults_end, d_27, items_6, zot_1, zot_end,
          crypt_end, forest_end, elf_end, slime_end, tomb_end, abyss_end,
          pan_hell_end]

Skill      XL: |  1  2  3  4 |
---------------+-------------+-----
Dodging        | 4 5 6 |  6.2
Short Blades   | 2 4 |  4.1
Stealth        | 5 7 10 | 10.2
Spellcasting   | 3 4 5 |  5.9
Hexes          | 4 6 8 |  8.9
Fighting       | 1 |  1.0
Ice Magic      | |  0.7

Action                   |  1- 3 |  4- 6 || total
-------------------------+-------+-------++-------
Melee: Dagger            |    27 |     9 ||    36
       Rapier            |       |     3 ||     3
 Cast: Ensorcelled Hiber |     2 |     1 ||     3
       Confusing Touch   |       |     1 ||     1
       Dazzling Flash    |       |     1 ||     1
  Use: Potion            |     2 |     1 ||     3
 Stab: Distracted        |     1 |       ||     1
       Sleeping          |     1 |       ||     1
Armor: Robe              |     1 |       ||     1
Dodge: Dodged            |    18 |     7 ||    25

Table legend: (Time is in decaauts)
 A = Elapsed time spent in this place.
 B = Non-inter-level travel time spent in this place.
 C = Inter-level travel time spent in this place.
 D = Time resting spent in this place.
 E = Time spent auto-exploring this place.
 F = Levels seen in this place.
 G = Mean time per level.
                   A        B        C        D        E       F      G
               +--------+--------+--------+--------+--------+-----+--------+
         Total |    288 |    288 |      0 |     97 |     61 |   1 |  288.0 |
       Dungeon |    288 |    288 |      0 |     97 |     61 |   1 |  288.0 |
               +--------+--------+--------+--------+--------+-----+--------+

Top non-repeatable levels by time:
       D: 288 daAuts
